 Dungeon Crawl Stone Soup version 0.25.0-9-g26727b657a (webtiles) character file.

Game seed: 1532631171716649615

15458 Delamore the Basher (level 12, -4/120 HPs)
             Began as a Gargoyle Fighter on June 17, 2020.
             Was a High Priest of Okawaru.
             Slain by a yak (6 damage)
             ... on level 12 of the Dungeon.
             The game lasted 00:13:56 (13236 turns).

Delamore the Basher (Gargoyle Fighter)             Turns: 13236, Time: 00:13:56

Health: -4/120     AC: 26    Str: 29    XL:     12   Next: 27%
Magic:  0/12       EV:  2    Int: 11    God:    Okawaru [*****.]
Gold:   632        SH:  3    Dex: 13    Spells: 11/11 levels left

rFire    + . .     SeeInvis +   b - +1 whip (venom)
rCold    . . .     Gourm    .   p - -4 buckler of Articulation {rF+ rN+ Regen+ Dex+4}
rNeg     + + +     Faith    .   (armour currently unavailable)
rPois    ∞         Spirit   +   (helmet currently unavailable)
rElec    .         Reflect  .   (cloak currently unavailable)
rCorr    .         Harm     .   (gloves currently unavailable)
MR       .....     NoTele   +   (boots currently unavailable)
Stlth    +.........             e - amulet of guardian spirit
HPRegen  0.70/turn              O - ring of see invisible
MPRegen  0.13/turn              E - +6 ring of strength

@: mighty, tree-form
A: negative energy resistance 1, petrification resistance, rot immunity, AC +8
a: Heroism, Finesse, Renounce Religion


You were on level 12 of the Dungeon.
You worshipped Okawaru.
Okawaru was extremely pleased with you.
You were not hungry.
You were a tree.
You visited 1 branch of the dungeon, and saw 12 of its levels.

You collected 632 gold pieces.

Inventory:

Hand Weapons
 b - a +1 whip of venom (weapon)
 C - a +2 flail of protection
Missiles
 j - a throwing net (quivered)
 o - 8 boomerangs of dispersal
 Q - 2 javelins
Armour
 k - a +2 chain mail of fire resistance (melded)
 m - a +0 buckler
 p - the -4 buckler of Articulation (worn) {rF+ rN+ Regen+ Dex+4}
   (Okawaru gifted it to you on level 10 of the Dungeon)

   It affects your dexterity (+4).
   It protects you from fire.
   It protects you from negative energy.
   It increases your rate of regeneration.
 N - a scarf of repulsion (melded)
Jewellery
 a - a +4 ring of protection
 e - an amulet of guardian spirit (around neck)
 u - an uncursed ring of protection from magic
 E - a +6 ring of strength (right branch)
 K - an uncursed ring of wizardry
 O - a ring of see invisible (left branch)
Wands
 c - a wand of random effects (19)
 q - a wand of clouds (4)
 x - a wand of flame (18)
 I - a wand of paralysis (7)
Scrolls
 g - a scroll of enchant armour
 n - 7 scrolls of teleportation
 t - 7 scrolls of remove curse
 v - 2 scrolls of blinking {unknown}
 y - a scroll of immolation {unknown}
 A - 10 scrolls of identify
 F - a scroll of amnesia {unknown}
 G - a scroll of fog {unknown}
 L - 2 scrolls of magic mapping {unknown}
 M - a scroll of random uselessness {unknown}
 S - a scroll of vulnerability
 T - a scroll of enchant weapon {unknown}
Potions
 d - a potion of might
 h - a potion of lignification
 l - 9 potions of degeneration
 r - 4 potions of curing
 s - 4 potions of brilliance {unknown}
 w - a potion of mutation {unknown}
 z - 7 potions of magic {unknown}
 B - 2 potions of heal wounds
 D - a potion of ambrosia {unknown}
 H - 2 potions of flight {unknown}
 J - a potion of stabbing {unknown}
 P - 2 potions of haste {unknown}
Comestibles
 f - 22 rations
 i - 9 chunks of flesh


   Skills:
 + Level 11.6 Fighting
 - Level 13.0 Maces & Flails
 - Level 3.2 Armour
 + Level 11.6 Shields


You had 11 spell levels left.
You didn't know any spells.
Your spell library contained the following spells:

 Spells                   Type           Power        Failure   Level  Hunger
 Freeze                   Ice            #...         34%         1    ##.....
 Magic Dart               Conj           #...         34%         1    ##.....
 Blink                    Tloc           N/A          47%         2    ###....
 Call Imp                 Summ           #.......     47%         2    ###....
 Slow                     Hex            #.......     47%         2    ###....
 Conjure Flame            Conj/Fire      #.......     71%         3    ####...
 Frozen Ramparts          Ice            #.....       71%         3    ####...
 Mephitic Cloud           Conj/Pois/Air  #.......     71%         3    ####...
 Ozocubu's Armour         Chrm/Ice       #.......     71%         3    ####...
 Hailstorm                Conj/Ice       #.......     98%         4    #####..
 Summon Ice Beast         Ice/Summ       #.......     98%         4    #####..


Dungeon Overview and Level Annotations

Branches:
Dungeon (12/15)            Temple (0/1) D:5            Lair (0/6) D:8
    Orc (0/2) D:10

Altars:
Cheibriados
Dithmenos
Elyvilon
Makhleb
Okawaru
Vehumet
Xom
Yredelemnul

Shops:
D:8 *

Annotations:
D:12 Nessos


Innate Abilities, Weirdness & Mutations

You are resistant to torment.
((Your stone body is resilient. (AC +8)))
You are immune to poison.
You resist negative energy. (rN+)
((You are resistant to electric shocks. (rElec)))
((You can survive without breathing.))
You are immune to petrification.
You are immune to rotting.


Message History

* * * LOW HITPOINT WARNING * * *
The yak barely misses you.
It was a potion of lignification.
You turn into a tree.
Your scarf of repulsion melds into your body.
Your +2 chain mail of fire resistance melds into your body.
The haze of the repulsion field disappears.
You feel less resistant to fire.
Your roots penetrate the ground.
Nessos blinks!
The gargoyle hits you but does no damage.
The yak barely misses you.
Nessos shoots an arrow.
The arrow hits you but does no damage. The yak gores you but does no damage.
It was a potion of curing.
You feel better.
Nessos shoots an arrow.
The arrow hits you!
* * * LOW HITPOINT WARNING * * *
The arrow burns you.
* * * LOW HITPOINT WARNING * * *
The gargoyle barely misses you. The yak gores you.
* * * LOW HITPOINT WARNING * * *
The yak gores you.
You die...

##...........#.(##.##
#............#.....## #
......#..>...#.#(...#.##
.....#÷..#.....#.(......#
.......÷.....#.9.........
.........##..#....##.).##
.........)##.#..#$##....#
#..............##Y.(....#
#........#.....9♣Y##.....
##.......##..............
##....##.....§..c.#......
.)....†..#.......###....#
...))....§.......# #...#
.).....#######.... ..(
........... #.... ##
........##.. <....
...##..##


You could see Nessos (fast, extremely poisoned), 2 yaks and a gargoyle.

Vanquished Creatures
  A hydra (D:10)
  A two-headed ogre (D:10)
  3 ugly things
  A deep elf mage (D:11)
  A centaur zombie (D:11)
  Psyche (D:9)
  2 centaur skeletons
  2 trolls
  Prince Ribbit (D:5)
  Grinder (D:4)
  A hippogriff (D:10)
  A spriggan (D:9)
  A meliai zombie (D:11)
  A shadow (D:12)
  15 yaks
  A vampire (D:12)
  3 wyverns
  A steam dragon (D:7)
  2 vampire mosquitoes (D:12)
  Menkaure (D:5)
  A soldier ant (D:9)
  Edmund (D:5)
  An acid dragon (shapeshifter) (D:8)
  5 porcupines (D:8)
  A water moccasin (D:9)
  A swamp drake (D:10)
  3 ice beasts
  4 orc warriors
  4 sky beasts
  3 phantoms
  The ghost of DeadF the Sneak, an amateur FeEn (D:5)
  8 ogres
  5 centaurs
  2 big kobolds
  Blork the orc (D:5)
  6 bullfrogs
  3 water moccasin skeletons
  4 scorpions
  8 killer bees
  12 wights
  4 howler monkeys
  4 bullfrog zombies
  2 crimson imps
  4 hounds
  17 orc wizards
  2 orc priests (D:10)
  Terence (D:2)
  8 worker ants
  2 hound skeletons
  A worker ant zombie (D:11)
  A howler monkey skeleton (D:5)
  11 adders
  A shadow imp (D:8)
  An ooze (D:5)
  2 adder zombies
  An adder skeleton (D:4)
  4 worms
  2 dart slugs (D:1)
  4 leopard geckos
  38 orcs
  4 giant cockroaches
  10 goblins
  8 hobgoblins
  12 jackals
  18 kobolds
  4 quokkas
  7 bats
  5 frilled lizards
  A jackal zombie (D:8)
  A leopard gecko zombie (D:6)
  2 quokka skeletons
  7 rats
304 creatures vanquished.

Vanquished Creatures (others)
  A yak (D:12)
  An adder (D:4)
  A giant cockroach (D:4)
  A quokka (D:4)
  26 fungi (D:8)
  13 plants (D:8)
43 creatures vanquished.

Grand Total: 347 creatures vanquished

Notes
Turn   | Place    | Note
-------+----------+-------------------------------------------
     0 | D:1      | Delamore the Gargoyle Fighter began the quest for the Orb.
     0 | D:1      | Reached XP level 1. HP: 14/14 MP: 1/1
    21 | D:1      | Reached XP level 2. HP: 6/19 MP: 2/2
   323 | D:1      | Reached skill level 3 in Maces & Flails
   791 | D:1      | Reached XP level 3. HP: 23/23 MP: 3/3
  1059 | D:2      | Reached skill level 4 in Maces & Flails
  1333 | D:2      | Noticed Terence
  1343 | D:2      | Killed Terence
  1343 | D:2      | Reached XP level 4. HP: 21/28 MP: 4/4
  1789 | D:2      | Reached skill level 5 in Maces & Flails
  1844 | D:2      | Reached XP level 5. HP: 32/32 MP: 5/5
  2056 | D:3      | Found a shadowy altar of Dithmenos.
  2122 | D:3      | Found a basalt altar of Yredelemnul.
  2215 | D:3      | Found a faded altar of an unknown god.
  2603 | D:4      | Noticed Grinder
  2636 | D:4      | Killed Grinder
  2636 | D:4      | Reached skill level 7 in Maces & Flails
  2636 | D:4      | Reached XP level 6. HP: 20/37 MP: 3/6
  2906 | D:4      | Reached XP level 7. HP: 11/41 MP: 1/7
  3153 | D:4      | Found a snail-covered altar of Cheibriados.
  3153 | D:4      | Found an iron altar of Okawaru.
  3172 | D:4      | Became a worshipper of Warmaster Okawaru
  3331 | D:4      | Reached skill level 8 in Maces & Flails
  3778 | D:5      | Entered Level 5 of the Dungeon
  3787 | D:5      | Found a staircase to the Ecumenical Temple.
  3935 | D:5      | Noticed Prince Ribbit
  3956 | D:5      | Killed Prince Ribbit
  3956 | D:5      | Reached * piety under Okawaru
  3956 | D:5      | Reached skill level 9 in Maces & Flails
  3956 | D:5      | Reached XP level 8. HP: 19/46 MP: 4/8
  4180 | D:5      | Noticed Blork the orc
  4194 | D:5      | Killed Blork the orc
  4279 | D:5      | Reached skill level 10 in Maces & Flails
  4359 | D:5      | Noticed Menkaure
  4371 | D:5      | Killed Menkaure
  4371 | D:5      | Reached ** piety under Okawaru
  4469 | D:5      | Noticed Edmund
  4505 | D:5      | Killed Edmund
  4585 | D:5      | Found a transporter.
  4589 | D:5      | Identified the cursed +1 great mace of the Piercing Fool
                  | {elec, rPois}
  4602 | D:5      | Reached skill level 11 in Maces & Flails
  4647 | D:5      | Found a transporter.
  4647 | D:5      | Noticed DeadF's ghost (amateur FeEn)
  4789 | D:5      | Reached XP level 9. HP: 51/51 MP: 9/9
  5028 | D:5      | Killed DeadF's ghost
  5766 | D:6      | Found a burning altar of Makhleb.
  6255 | D:7      | Reached skill level 12 in Maces & Flails
  6271 | D:7      | Reached *** piety under Okawaru
  7025 | D:8      | Found Etingunk's General Store.
  7299 | D:7      | Reached skill level 13 in Maces & Flails
  7675 | D:8      | Reached XP level 10. HP: 53/56 MP: 10/10
  7692 | D:8      | Reached **** piety under Okawaru
  7944 | D:8      | Reached skill level 5 in Fighting
  7944 | D:8      | Reached skill level 5 in Shields
  8470 | D:8      | Found a staircase to the Lair.
  8810 | D:9      | Noticed Psyche
  8822 | D:9      | Killed Psyche
  8899 | D:9      | Noticed a green ugly thing
  8925 | D:9      | Killed a green ugly thing
  9562 | D:9      | Reached ***** piety under Okawaru
  9562 | D:9      | Received a gift from Okawaru
  9662 | D:9      | Found a shimmering altar of Xom.
  9672 | D:9      | Found a radiant altar of Vehumet.
  9819 | D:9      | Reached XP level 11. HP: 68/68 MP: 11/11
  9969 | D:10     | Entered Level 10 of the Dungeon
 10396 | D:10     | Found a white marble altar of Elyvilon.
 10573 | D:10     | Found a staircase to the Orcish Mines.
 10654 | D:10     | Noticed a two-headed ogre
 10667 | D:10     | Killed a two-headed ogre
 11210 | D:11     | Noticed a green ugly thing
 11226 | D:11     | Noticed a six-headed hydra
 11262 | D:10     | Killed a green ugly thing
 11651 | D:10     | Killed a six-headed hydra
 11651 | D:10     | Received a gift from Okawaru
 11651 | D:10     | Reached skill level 10 in Fighting
 11651 | D:10     | Reached skill level 10 in Shields
 11652 | D:10     | Got a jewelled buckler {god gift}
 11663 | D:10     | Identified the -4 buckler of Articulation {rF+ rN+ Regen+
                  | Dex+4} (Okawaru gifted it to you on level 10 of the
                  | Dungeon)
 11955 | D:11     | Noticed a brown ugly thing
 11974 | D:11     | Killed a brown ugly thing
 12282 | D:11     | Reached XP level 12. HP: 35/79 MP: 7/12
 13203 | D:12     | Noticed Nessos
 13234 | D:12     | HP: 4/80 [Nessos/arrow (14)]
 13236 | D:12     | Slain by a yak

Illustrated notes

Levels and vault maps discovered:
D:1:      minmay_arrival_four_circles, layout_basic
D:2:      layout_loops_cross, uniq_terence
D:3:      layout_rooms, grunt_dithmenos_smoke, lemuel_round_altar,
          chequers_ecumenical_altar_island
D:4:      layout_loops_ring, gammafunk_temple_overflow_elements, first_ration,
          lemuel_flame_loot_1, uniq_grinder
D:5:      layout_gridville, minmay_temple_entry_overgrown,
          gammafunk_ghost_smash, abandoned_shop, palyth_stone_intersect,
          uniq_blork_the_orc, uniq_edmund, uniq_menkaure, uniq_prince_ribbit1
D:6:      layout_layer_cave, basic_altar
D:7:      layout_loops_corners
D:8:      layout_cave_pools, due_lair_maze_entry_diamond, serial_shops,
          nicolae_shop_temple_entry_statues_fountains
D:9:      layout_basic, amethyst_overflow_temple_binary, the_bakery, uniq_psyche
D:10:     layout_roguey, erik_orc_1, elyvilon_altar_3
D:11:     layout_basic
D:12:     layout_cave_pools, serial_shops, kennysheep_mini, serial_bayou_ford_a,
          minmay_misc_feat_cross, uniq_nessos

Skill      XL: |  1  2  3  4  5  6  7  8  9 10 11 12 |
---------------+-------------------------------------+-----
Maces & Flails | 3 4 5 7 9 11 13 | 13.0
Fighting       | 4 8 10 11 | 11.6
Shields        | 4 8 10 11 | 11.6
Armour         | |  3.2

Action                   |  1- 3 |  4- 6 |  7- 9 | 10-12 || total
-------------------------+-------+-------+-------+-------++-------
Melee: Flail             |    98 |       |       |       ||    98
       Whip              |    25 |   176 |   498 |  1130 ||  1829
Invok: Heroism           |       |       |       |     1 ||     1
       Finesse           |       |       |       |     1 ||     1
  Use: Scroll            |       |     4 |       |     2 ||     6
       Potion            |       |       |     1 |     3 ||     4
 Stab: Confused          |       |       |       |     1 ||     1
  Eat: Chunk             |     1 |     6 |    15 |    18 ||    40
Armor: Scale mail        |    86 |    19 |       |       ||   105
       Chain mail        |       |    73 |   221 |   539 ||   833
       Skin              |       |       |       |     3 ||     3
Dodge: Dodged            |    81 |    48 |   132 |   253 ||   514
       Repelled          |       |       |       |     4 ||     4
Block: Kite shield       |    38 |       |       |       ||    38
       Buckler           |    21 |    17 |    47 |   137 ||   222
